Map: 2000 Atmospheres LE

Players

A.I. 1 (Elite)

  • Race: Protoss Protoss

joan - Winner!

  • Race: Protoss Protoss

VOD

Have the link to the VOD?

Description

Time

  • Played on: May 18, 2021, 9:05 p.m.
  • Length: 12:48
Show
View Real Time Build Order
Export as new Build Order

A.I. 1 (Elite) Protoss 

Build Orders: Zealot Archon, Colossus Rush 

Get SALT Encoding   

  12  0:00  Probe  
  13  0:13  Probe  
  14  0:19  Pylon  
  14  0:25  Probe  
  15  0:34  Probe  
  15  0:42  Probe  
  16  0:47  Assimilator  
  17  0:50  Gateway  
  17  0:52  Probe  
  18  1:00  Pylon, Probe  
  19  1:08  Probe  
  19  1:18  Probe  
  21  1:30  Probe  
  22  1:39  Zealot  
  24  1:42  Probe  
  25  1:47  Nexus  
  25  1:59  Probe  
  25  2:00  Cybernetics Core  
  26  2:07  Probe  
  26  2:15  Probe  
  28  2:26  Warp Gate  
  28  2:27  Pylon, Probe  
  29  2:36  Gateway, Stalker  
  31  2:41  Assimilator  
  31  2:45  Probe  
  32  2:54  Probe  
  32  2:55  Pylon  
  33  2:59  Probe  
  33  3:02  Probe  
  33  3:06  Adept  
  33  3:12  Probe  
  37  3:13  Probe  
  38  3:23  Adept  
  38  3:24  Robotics Facility  
  40  3:28  Probe  
  40  3:30  Probe  
  42  3:36  Adept  
  42  3:40  Probe  
  45  3:42  Probe  
  46  3:50  Adept  
  46  3:52  Probe  
  46  3:54  Probe  
  50  4:00  Probe  
  50  4:06  Adept, Probe  
  50  4:08  Probe  
  54  4:12  Pylon  
  54  4:13  Observer  
  54  4:16  Robotics Bay  
  56  4:19  Probe x2  
  56  4:21  Robotics Facility  
  58  4:25  Adept  
  58  4:28  Pylon  
  60  4:37  Probe  
  60  4:38  Pylon  
  61  4:39  Probe  
  61  4:41  Stalker  
  61  4:44  Stalker  
  66  4:59  Gateway  
  66  5:07  Pylon  
  66  5:08  Zealot  
  66  5:11  Zealot  
  66  5:12  Colossus  
  76  5:22  Zealot, Pylon  
  78  5:32  Zealot  
  80  5:45  Probe x2, Stalker  
  80  5:47  Assimilator  
  84  5:50  Twilight Council  
  84  5:53  Forge  
  84  5:54  Nexus  
  84  5:56  Assimilator  
  84  6:01  Sentry  
  86  6:05  Probe  
  86  6:07  Forge  
  86  6:09  Probe  
  86  6:10  Pylon  
  88  6:14  Probe  
  88  6:17  Probe  
  90  6:36  Pylon  
  90  6:39  Pylon  
  90  6:43  Photon Cannon  
  90  6:50  Photon Cannon  
  90  7:00  Gateway, Stalker  
  92  7:01  Photon Cannon  
  92  7:03  Templar Archives  
  92  7:05  Probe, Stalker  
  92  7:07  Probe  
  92  7:08  Probe  
  97  7:11  Stalker  
  97  7:15  Protoss Ground Weapons Level 1  
  99  7:16  Probe  
  99  7:17  Nexus, Assimilator, Pylon  
  99  7:19  Probe  
  99  7:21  Stalker, Probe  
  104  7:25  Sentry  
  104  7:26  Probe  
  107  7:31  Probe  
  107  7:32  Protoss Ground Armor Level 1  
  107  7:33  Probe  
  107  7:34  Stalker  
  111  7:38  Probe  
  111  7:42  High Templar  
  111  7:43  Assimilator, Probe  
  115  7:45  Probe  
  115  7:48  High Templar  
  115  7:50  Probe  
  119  7:52  Stalker  
  119  7:55  Probe  
  119  7:57  Archon, Probe  
  123  8:01  High Templar  
  123  8:02  Probe  
  123  8:03  Photon Cannon  
  126  8:08  Probe  
  126  8:09  Pylon, Probe  
  128  8:14  Zealot  
  128  8:15  Zealot, Probe  
  128  8:16  Stalker  
  134  8:21  Observer  
  139  8:27  Immortal  
  139  8:33  Zealot x3  
  139  8:34  Zealot  
  147  8:35  Pylon  
  147  8:40  Assimilator  
  147  8:42  Immortal  
  147  8:46  Zealot  
  147  8:47  High Templar  
  147  8:48  Psionic Storm  
  155  8:50  Assimilator  
  155  9:00  Pylon  
  155  9:06  Immortal  
  155  9:07  Stalker  
  161  9:11  Zealot  
  161  9:15  Zealot  
  149  9:18  Zealot  
  149  9:21  Observer  
  107  9:25  Zealot  
  107  9:30  Adept  
  99  9:35  Zealot  
  99  9:36  Sentry  
  103  9:42  Zealot  
  103  9:43  Observer  
  103  9:45  Warp Prism  
  108  9:49  Probe x2  
  108  9:50  Adept  
  108  9:52  High Templar, Probe  
  112  9:56  Zealot  
  104  10:01  Probe x2  
  104  10:02  Stalker  
  104  10:04  Immortal, Probe  
  89  10:10  Zealot  
  89  10:13  Probe  
  75  10:16  Zealot  
  80  10:21  Immortal  
  80  10:23  Zealot  
  80  10:25  Zealot  
  80  10:27  Probe  
  69  10:29  High Templar  
  69  10:30  Nexus  
  69  10:33  Pylon  
  56  10:43  Adept  
  56  10:45  Stalker  
  58  10:51  Stalker  
  46  11:00  Nexus  
  20  11:06  Zealot  
  12  11:38  Probe  
  1  12:00  Probe  
Show
View Real Time Build Order
Export as new Build Order

joan Protoss - Winner!

Build Orders: 1 Gate Expand, Double Forge, Archon Immortal 

Get SALT Encoding   

  12  0:00  Probe  
  13  0:12  Probe  
  14  0:16  Pylon  
  14  0:24  Probe (Chrono Boost)  
  15  0:36  Gateway, Probe (Chrono Boost)  
  16  0:43  Probe (Chrono Boost)  
  16  0:45  Assimilator  
  17  0:51  Probe  
  18  1:03  Probe  
  19  1:15  Probe  
  20  1:21  Nexus  
  20  1:31  Cybernetics Core  
  20  1:34  Probe  
  20  1:39  Assimilator  
  21  1:45  Pylon  
  21  1:49  Probe  
  22  2:01  Probe  
  22  2:08  Stalker, Warp Gate  
  25  2:13  Probe  
  26  2:25  Robotics Facility  
  26  2:26  Gateway  
  27  2:32  Probe (Chrono Boost)  
  27  2:33  Probe (Chrono Boost)  
  28  2:42  Sentry  
  28  2:43  Probe (Chrono Boost)  
  32  2:45  Probe (Chrono Boost)  
  32  2:53  Probe x2  
  34  3:05  Probe x2  
  36  3:11  Pylon, Stalker  
  38  3:14  Observer  
  38  3:15  Stalker  
  38  3:17  Probe (Chrono Boost)  
  43  3:22  Probe (Chrono Boost)  
  44  3:27  Probe (Chrono Boost)  
  44  3:31  Probe (Chrono Boost)  
  44  3:32  Probe (Chrono Boost)  
  44  3:33  Pylon  
  45  3:37  Observer  
  47  3:41  Probe  
  47  3:44  Probe  
  49  3:50  Nexus  
  49  3:53  Probe  
  49  3:54  Pylon  
  50  3:56  Probe  
  50  3:58  Assimilator  
  50  4:02  Assimilator  
  51  4:05  Probe  
  51  4:08  Probe  
  57  4:10  Immortal  
  57  4:14  Sentry  
  57  4:16  Zealot  
  61  4:24  Probe x2  
  63  4:36  Probe x2  
  65  4:38  Forge  
  65  4:40  Forge  
  65  4:41  Twilight Council  
  65  4:48  Probe  
  65  4:49  Probe  
  67  4:57  Pylon  
  67  5:02  Immortal  
  67  5:04  Probe (Chrono Boost)  
  67  5:05  Probe (Chrono Boost)  
  74  5:10  Probe (Chrono Boost)  
  74  5:13  Protoss Ground Weapons Level 1 (Chrono Boost)  
  76  5:14  Protoss Ground Armor Level 1 (Chrono Boost), Pylon  
  76  5:15  Stalker, Probe (Chrono Boost)  
  76  5:16  Probe (Chrono Boost)  
  76  5:17  Stalker  
  76  5:18  Probe (Chrono Boost)  
  76  5:20  Probe (Chrono Boost)  
  81  5:25  Charge, Probe  
  83  5:29  Probe  
  83  5:31  Probe  
  85  5:37  Pylon, Probe  
  85  5:41  Probe  
  87  5:43  Immortal, Probe  
  87  5:47  Stalker  
  87  5:49  Probe  
  95  5:50  Stalker  
  95  5:53  Probe  
  95  5:54  Assimilator  
  98  5:58  Pylon  
  98  5:59  Assimilator  
  98  6:05  Nexus  
  98  6:07  Pylon  
  98  6:09  Probe x2  
  98  6:10  Probe  
  101  6:15  Templar Archives  
  101  6:19  Stalker x2  
  101  6:22  Probe x3  
  112  6:32  Immortal  
  112  6:34  Probe x3  
  115  6:47  Gateway  
  115  6:48  Protoss Shields Level 1 (Chrono Boost)  
  115  6:49  Protoss Ground Weapons Level 2 (Chrono Boost)  
  115  6:50  Pylon  
  115  6:53  Pylon  
  115  6:55  Probe  
  115  6:57  Pylon  
  115  7:00  Gateway, Pylon  
  116  7:03  Gateway  
  116  7:07  Probe x3  
  119  7:14  Immortal (Chrono Boost)  
  123  7:15  High Templar  
  123  7:19  High Templar, Probe x3  
  130  7:25  Pylon  
  130  7:27  Gateway  
  130  7:28  Gateway  
  130  7:30  Gateway  
  130  7:31  Probe  
  130  7:33  Gateway  
  130  7:34  Probe x2  
  130  7:35  Probe  
  134  7:37  Gateway  
  134  7:43  Probe  
  135  7:46  Probe  
  135  7:47  Gateway  
  135  7:50  Gateway  
  136  7:52  High Templar x2  
  136  7:53  Gateway, Immortal (Chrono Boost)  
  136  7:55  High Templar  
  136  7:57  Zealot  
  148  7:58  Archon  
  148  7:59  Archon  
  148  8:00  Pylon  
  148  8:02  Pylon  
  148  8:03  High Templar  
  150  8:09  Archon  
  150  8:17  Assimilator  
  150  8:18  Pylon  
  150  8:20  Assimilator, Gateway  
  150  8:22  Gateway  
  150  8:23  Gateway  
  150  8:26  Gateway  
  150  8:31  Zealot x8  
  150  8:33  Immortal (Chrono Boost)  
  170  8:41  Protoss Ground Armor Level 2 (Chrono Boost)  
  170  8:50  High Templar  
  170  8:53  Zealot x6  
  170  8:54  Zealot  
  186  8:56  Protoss Shields Level 2 (Chrono Boost), High Templar  
  186  8:57  Zealot  
  186  9:02  Zealot x3  
  196  9:04  Archon  
  196  9:08  Warp Prism (Chrono Boost)  
  184  9:20  Zealot x7  
  184  9:21  Zealot x4  
  184  9:45  High Templar x8  
  198  9:49  Archon x3  
  198  9:50  Archon  
  194  10:04  Zealot x6  
  194  10:06  Nexus  
  200  10:08  Pylon  
  200  10:12  Assimilator  
  200  10:13  Pylon  
  200  10:16  Assimilator  
  200  10:23  Pylon  
  200  10:24  Gateway  
  200  10:26  Gateway  
  198  10:31  Gateway  
  198  10:32  Gateway  
  198  10:34  Gateway  
  195  10:37  Gateway  
  195  10:45  Gateway  
  195  10:47  Gateway  
  195  10:48  Gateway, Immortal  
  199  10:51  Gateway  
  199  10:54  Gateway  
  199  10:56  Gateway  
  199  11:00  Robotics Facility  
  193  11:36  Observer  
  193  11:38  Nexus  
  193  11:41  Pylon  
  193  11:44  Pylon  
  193  11:54  Nexus  
  193  11:57  Pylon  
  193  11:59  Pylon  
  193  12:01  Zealot x3  
  199  12:02  Assimilator  
  199  12:03  Nexus, Observer  
  199  12:05  Unknown, Assimilator  
  200  12:20  Photon Cannon  
  200  12:22  Photon Cannon  
  200  12:29  Pylon  
  200  12:32  Pylon  
  200  12:34  Photon Cannon  
  200  12:35  Photon Cannon x2  
  200  12:38  Photon Cannon  
  200  12:41  Photon Cannon  
  200  12:42  Photon Cannon  
  200  12:44  Photon Cannon, Shield Battery  
  200  12:45  Shield Battery  
  200  12:46  Photon Cannon x2  
  200  12:47  Photon Cannon  
Tags
 
Add a new tag
Caveats
  • Supply blocks, unpowered buildings, or Contaminate may cause inaccurate times.
  • Supply counts are checked every 10 seconds.